 Dungeon Crawl Stone Soup version 0.29-a0-872-g797fff5ad1 (webtiles) character file.

Game seed: 2043887006821613926

71 jimonade the Sneak (level 4, -5/27 HPs)
             Began as a Kobold Brigand on July 18, 2022.
             Killed by nerve-wracking pain
             ... invoked by an orc priest
              (6 damage)
             ... on level 3 of the Dungeon.
             The game lasted 00:04:05 (2333 turns).

jimonade the Sneak (Kobold Brigand)                 Turns: 2333, Time: 00:04:06

Health: -5/27      AC:  6    Str:  8    XL:     4   Next: 47%
Magic:  4/4        EV: 14    Int: 12    God:
Gold:   130        SH:  0    Dex: 18    Spells: 3/3 levels left

rFire   . . .      SeeInvis .   w - +2 dagger (speed)
rCold   . . .      Faith    .   (no shield)
rNeg    . . .      Spirit   .   b - +0 robe
rPois   .          Reflect  .   (no helmet)
rElec   .          Harm     .   c - +0 cloak
rCorr   .          Rampage  .   r - +1 pair of gloves
Will    .....                   p - +0 pair of boots
Stlth   +++++.....              (no amulet)
HPRegen 0.09/turn               (no ring)
MPRegen 0.09/turn               (no ring)

@: no status effects
A: small, no large weapons, nightstalker 3
a: no special abilities


You were on level 3 of the Dungeon.
You visited 1 branch of the dungeon, and saw 3 of its levels.

You collected 130 gold pieces.

Inventory:

Hand Weapons
 a - a +2 dagger
 f - a +0 dagger of draining
 w - a +2 dagger of speed (weapon)
Missiles
 d - 9 poisoned darts (quivered)
 e - 3 curare-tipped darts
 t - 2 throwing nets
Armour
 b - a +0 robe (worn)
 c - a +0 cloak (worn)
 p - a +0 pair of boots (worn)
 r - a +1 pair of gloves (worn)
Scrolls
 g - 2 scrolls of identify {unknown}
 i - 2 scrolls of vulnerability {unknown}
 m - a scroll of poison {unknown}
 n - a scroll of amnesia {unknown}
 q - a scroll of enchant weapon {unknown}
 s - a scroll of fear {unknown}
Potions
 h - 2 potions of curing {unknown}
 j - a potion of mutation {unknown}
 k - a potion of haste {unknown}
 l - a potion of flight {unknown}
 o - 2 potions of invisibility {unknown}
 u - a potion of magic {unknown}
 v - a potion of heal wounds {unknown}


   Skills:
 + Level 2.5 Fighting
 + Level 3.1 Short Blades
 - Level 2.1 Throwing
 + Level 1.4 Dodging
 * Level 7.2 Stealth


You had 3 spell levels left.
You didn't know any spells.
Your spell library was empty.

Dungeon Overview and Level Annotations

Branches:
Dungeon (3/15)

Altars:


Innate Abilities, Weirdness & Mutations

You are small and have problems with some larger weapons.
You are completely attuned to the shadows.


Message History

Things that are here:
a +0 leather armour; a scroll labelled KICILOANWO No target in view!
You closely miss the orc. The orc misses you.
You hit the orc.
The orc is heavily wounded.
You hit the orc.
The orc is almost dead.
The orc priest barely misses you.
The orc priest hits you with a +0 trident.
The orc barely misses you. The orc hits you but does no damage.
Things that are here:
a +0 leather armour; a scroll labelled KICILOANWO You completely miss the orc priest.
You hit the orc priest.
The orc priest is moderately wounded.
The orc hits you with a +0 hand axe. The orc hits you with a +0 club.
* * * LOW HITPOINT WARNING * * *
The orc priest hits you but does no damage.
You hit the orc priest.
The orc priest is moderately wounded.
The orc hits you but does no damage. The orc priest closely misses you.
The orc hits you with a +0 hand axe.
* * * LOW HITPOINT WARNING * * *
You hit the orc priest.
The orc priest is severely wounded.
You closely miss the orc priest.
The orc priest is severely wounded.
The orc priest hits you but does no damage.
The orc hits you with a +0 club.
* * * LOW HITPOINT WARNING * * *
The orc misses you.
You hit the orc priest but do no damage.
The orc priest is severely wounded.
You completely miss the orc priest.
The orc priest is severely wounded.
The orc barely misses you. x2
The orc priest invokes the aid of Beogh against you.
Pain shoots through your body!
You die...

.....#............
......##..........
....<.##.........
......##...(.....
......##.........
......#)†........
..##..#o#........
......#o##.......
.#.#.o@o###......
#.###### ##..... #
#..


You could see an orc priest and 3 orcs.

Vanquished Creatures
  An adder (D:2)
  2 worms (D:2)
  2 dart slugs (D:1)
  4 orcs (D:3)
  5 endoplasms
  6 goblins (D:1)
  7 hobgoblins
  5 kobolds
  2 quokkas (D:1)
  4 ball pythons
  3 bats
  A frilled lizard (D:1)
  2 rats (D:2)
44 creatures vanquished.

Vanquished Creatures (others)
  4 plants (D:2)
4 creatures vanquished.

Grand Total: 48 creatures vanquished

Notes
Turn   | Place    | Note
-------+----------+-------------------------------------------
     0 | D:1      | jimonade the Kobold Brigand began the quest for the Orb.
     0 | D:1      | Reached XP level 1. HP: 12/12 MP: 1/1
   275 | D:1      | Reached XP level 2. HP: 14/18 MP: 2/2
   547 | D:1      | Reached skill level 6 in Stealth
   622 | D:1      | Found a faded altar of an unknown god.
   732 | D:1      | Reached XP level 3. HP: 22/22 MP: 3/3
  1548 | D:2      | Reached skill level 7 in Stealth
  1548 | D:2      | Reached XP level 4. HP: 24/27 MP: 4/4
  2331 | D:3      | HP: 1/27 [orc/+0 club (1)]
  2333 | D:3      | Killed from afar by an orc priest

Illustrated notes

Levels and vault maps discovered:
D:1:      psy_arrival_statuary, layout_basic, nicolae_ecumenical_lake_church,
          hangedman_decor_clover_reticule, st_stairs_14, minmay_tetromino_i4
D:2:      layout_loops_cross, serial_forest, infiniplex_forest_clump_curved,
          infiniplex_forest_clump_small, infiniplex_forest_zigzag_1,
          infiniplex_forest_pool, infiniplex_forest_clump_C,
          infiniplex_forest_clump_C, infiniplex_forest_lined_1,
          infiniplex_forest_lined_room_3
D:3:      layout_basic

Skill      XL: |  1  2  3 |
---------------+----------+-----
Short Blades   | 3 |  3.1
Stealth        | 6 7 |  7.2
Fighting       | |  2.5
Throwing       | |  2.1
Dodging        | |  1.4

Action                   |  1- 3 |  4- 6 || total
-------------------------+-------+-------++-------
Melee: Dagger            |    74 |    53 ||   127
 Stab: Sleeping          |    13 |     6 ||    19
       Distracted        |     1 |     1 ||     2
Armor: Robe              |     5 |     6 ||    11
Dodge: Dodged            |    38 |    28 ||    66

Table legend: (Time is in decaauts)
 A = Elapsed time spent in this place.
 B = Non-inter-level travel time spent in this place.
 C = Inter-level travel time spent in this place.
 D = Time resting spent in this place.
 E = Time spent auto-exploring this place.
 F = Levels seen in this place.
 G = Mean time per level.
                   A        B        C        D        E       F      G
               +--------+--------+--------+--------+--------+-----+--------+
         Total |   2304 |   2239 |     65 |      0 |   1897 |   3 |  768.0 |
       Dungeon |   2304 |   2239 |     65 |      0 |   1897 |   3 |  768.0 |
               +--------+--------+--------+--------+--------+-----+--------+

Top non-repeatable levels by time:
     D:1: 1302 daAuts
     D:2: 877 daAuts
     D:3: 125 daAuts
